Map: Frozen Temple

Players

Miszu

  • Race: Terran Terran
  • League: Master

Nedi - Winner!

  • Race: Zerg Zerg
  • League: Grandmaster

VOD

Have the link to the VOD?

Description

Time

  • Played on: April 23, 2016, 1:48 p.m.
  • Length: 9:55
Show
View Real Time Build Order
Export as new Build Order

Miszu Terran 

Build Orders: Liberator Opening, Reaper Expand, MMM Bio 

Get SALT Encoding   

  12  0:01  SCV  
  13  0:13  SCV  
  14  0:17  Supply Depot  
  14  0:25  SCV  
  15  0:39  SCV  
  15  0:41  Barracks  
  16  0:45  Refinery  
  16  0:51  SCV  
  17  1:03  SCV  
  18  1:18  SCV  
  19  1:30  Orbital Command  
  19  1:31  Reaper  
  20  1:40  Command Center  
  20  1:50  Supply Depot  
  20  1:53  Refinery  
  20  1:56  SCV  
  21  2:04  Barracks Tech Lab  
  21  2:07  Marine  
  22  2:10  SCV  
  22  2:14  Factory  
  23  2:39  Barracks Reactor, SCV  
  24  2:51  SCV  
  24  2:54  Orbital Command  
  25  2:58  Starport, Factory Tech Lab  
  25  3:03  SCV  
  26  3:16  Bunker, SCV  
  27  3:21  Marine x2  
  27  3:22  Siege Tank, SCV  
  27  3:23  Liberator  
  32  3:28  SCV  
  33  3:34  SCV  
  33  3:39  Marine x2  
  33  3:40  SCV  
  40  3:47  SCV  
  41  3:52  SCV  
  42  3:59  SCV  
  46  4:03  Supply Depot  
  46  4:04  SCV  
  46  4:08  Liberator  
  46  4:09  Command Center  
  44  4:11  SCV  
  44  4:16  SCV  
  46  4:24  SCV  
  46  4:29  SCV  
  51  4:33  Barracks  
  51  4:34  Barracks  
  51  4:36  Supply Depot, SCV  
  52  4:41  SCV  
  53  4:48  SCV  
  53  4:51  Refinery  
  53  4:52  Refinery  
  54  4:54  Engineering Bay  
  54  4:55  Engineering Bay  
  54  4:58  SCV  
  55  5:01  SCV  
  56  5:08  Starport Reactor  
  56  5:10  SCV  
  56  5:13  Barracks, SCV  
  58  5:20  Barracks  
  58  5:22  Orbital Command  
  58  5:23  SCV  
  58  5:27  Barracks Tech Lab x2  
  59  5:29  SCV  
  59  5:33  Terran Infantry Weapons Level 1  
  60  5:35  SCV  
  60  5:38  Terran Infantry Armor Level 1  
  61  5:43  SCV  
  61  5:47  SCV  
  63  5:54  Marine x2  
  63  5:55  SCV, Combat Shields  
  63  5:56  Stimpack  
  66  5:58  Orbital Command  
  66  6:00  SCV  
  66  6:01  Barracks Reactor  
  64  6:07  Marine x2, SCV  
  64  6:09  Marine  
  64  6:10  Medivac, Siege Tank  
  73  6:12  Marine, SCV  
  73  6:15  Supply Depot  
  73  6:18  Supply Depot  
  75  6:19  SCV  
  75  6:22  Armory  
  75  6:24  SCV  
  77  6:36  Marine x5, SCV  
  77  6:38  SCV x2  
  85  6:42  Siege Tank  
  85  6:46  Supply Depot  
  88  6:48  SCV  
  88  6:50  SCV x2  
  88  6:54  Marine  
  93  7:04  Supply Depot  
  93  7:07  Marine x5  
  93  7:08  Supply Depot, SCV x3  
  101  7:09  Barracks Reactor  
  101  7:11  Marine  
  101  7:20  SCV x3  
  104  7:24  Siege Tank  
  104  7:25  Marine x2, Medivac  
  104  7:26  Medivac  
  104  7:29  Marine x3  
  114  7:32  SCV x3  
  114  7:36  Marine  
  119  7:37  Factory  
  119  7:38  Terran Infantry Weapons Level 2  
  119  7:39  Terran Infantry Armor Level 2  
  119  7:43  Marine x2  
  121  7:46  Marine  
  121  7:48  Marine  
  121  7:49  Marine x3  
  123  7:52  Supply Depot  
  123  7:53  Marine  
  124  8:01  Marine  
  125  8:06  Refinery  
  125  8:14  Supply Depot, Marine x7  
  125  8:15  Supply Depot  
  125  8:17  Supply Depot  
  125  8:19  Marine  
  133  8:21  Supply Depot  
  133  8:28  Bunker  
  133  8:32  Barracks x3  
  133  8:36  Marine x3, Medivac, Siege Tank  
  133  8:37  Marine x4, Medivac  
  133  8:39  Supply Depot  
  147  8:48  Marine  
  145  8:54  Marine  
  115  9:18  SCV  
  115  9:19  Marauder x2, SCV x2  
  115  9:20  Barracks Tech Lab  
  122  9:27  Command Center  
  122  9:30  SCV  
  121  9:33  Barracks Tech Lab  
  121  9:38  Refinery  
Show
View Real Time Build Order
Export as new Build Order

Nedi Zerg - Winner!

Build Orders: Hatch First 

Get SALT Encoding   

  12  0:00  Drone  
  13  0:09  Drone  
  14  0:17  Overlord  
  14  0:24  Extractor, Drone  
  15  0:36  Drone x2  
  17  0:44  Drone  
  18  0:59  Drone, Hatchery  
  18  1:03  Extractor  
  17  1:14  Spawning Pool  
  17  1:16  Drone  
  17  1:20  Drone  
  18  1:32  Drone  
  19  1:39  Overlord  
  19  1:49  Drone  
  20  1:59  Drone  
  20  2:00  Queen  
  23  2:10  Zergling x2  
  23  2:11  Queen  
  23  2:12  Zergling x2  
  23  2:14  Metabolic Boost  
  27  2:20  Drone  
  27  2:21  Drone  
  29  2:30  Extractor  
  29  2:31  Drone  
  29  2:32  Drone  
  29  2:41  Overlord, Queen  
  29  2:43  Drone  
  32  2:48  Queen  
  34  2:52  Drone  
  34  2:55  Drone  
  36  3:04  Drone  
  38  3:05  Drone  
  38  3:15  Drone x4  
  38  3:18  Drone  
  38  3:19  Drone  
  44  3:26  Overlord  
  44  3:30  Overlord  
  44  3:39  Extractor  
  43  3:42  Hatchery  
  43  3:43  Drone x2  
  43  3:46  Roach Warren  
  43  3:50  Drone x3  
  46  3:57  Drone x3  
  46  3:58  Drone  
  46  4:00  Extractor  
  46  4:01  Drone  
  49  4:12  Overlord  
  49  4:16  Drone  
  50  4:24  Drone  
  50  4:25  Drone x3  
  50  4:26  Drone x2, Lair  
  50  4:28  Drone  
  50  4:30  Drone, Evolution Chamber  
  57  4:32  Evolution Chamber  
  57  4:35  Drone x2  
  57  4:37  Drone  
  60  4:38  Drone  
  60  4:42  Extractor  
  59  4:48  Overlord, Roach, Spore Crawler  
  59  4:50  Overlord  
  60  4:54  Roach  
  60  4:57  Overlord  
  60  4:59  Roach  
  64  5:02  Zerg Melee Weapons Level 1  
  64  5:05  Drone  
  64  5:06  Drone  
  66  5:07  Drone  
  66  5:10  Zerg Ground Armor Level 1  
  66  5:12  Roach  
  69  5:16  Roach x2  
  69  5:18  Roach  
  69  5:21  Drone x2  
  77  5:22  Drone  
  77  5:26  Drone  
  77  5:27  Drone  
  77  5:28  Infestation Pit  
  79  5:29  Ravager  
  79  5:31  Ravager  
  79  5:33  Drone  
  82  5:36  Overlord  
  82  5:39  Overlord  
  79  5:50  Ravager x2  
  79  5:55  Drone  
  82  5:58  Drone  
  82  6:00  Extractor  
  82  6:01  Extractor  
  82  6:02  Drone x2  
  82  6:03  Drone  
  84  6:04  Hive  
  84  6:10  Overseer  
  84  6:18  Drone x6  
  87  6:27  Drone x3  
  87  6:30  Overlord x2  
  87  6:31  Overlord  
  90  6:38  Overlord  
  90  6:39  Overlord x3, Hatchery  
  89  6:40  Zergling x2  
  89  6:45  Overlord x2  
  90  6:53  Roach x5  
  100  6:54  Zergling x2  
  100  6:57  Zergling x4  
  100  6:59  Zerg Melee Weapons Level 2  
  103  7:01  Zergling x4  
  103  7:02  Zergling x2  
  103  7:03  Drone  
  107  7:09  Drone x3  
  107  7:10  Zergling x2  
  107  7:12  Spore Crawler  
  107  7:13  Zergling x4  
  112  7:16  Zerg Ground Armor Level 2  
  112  7:27  Zergling x2  
  112  7:28  Zergling x12  
  118  7:41  Adrenal Glands  
  118  7:44  Zergling x2, Ultralisk Cavern  
  118  7:45  Zergling x14  
  118  7:49  Ravager x6  
  131  7:52  Drone x5  
  136  8:09  Overlord x3  
  136  8:22  Extractor  
  136  8:23  Extractor  
  136  8:26  Drone x3  
  137  8:32  Chitinous Plating  
  137  8:33  Ultralisk x3  
  155  8:34  Zergling x6  
  155  8:35  Zergling x2  
  158  8:42  Ultralisk  
  158  8:47  Ravager  
  163  8:48  Zergling x10  
  163  8:49  Zergling x6  
  168  8:56  Ultralisk  
  171  9:04  Zergling x16  
  171  9:05  Zergling x2  
  171  9:08  Zergling x4  
  161  9:10  Zergling x6  
  161  9:15  Zergling x2  
  161  9:16  Zergling x2, Swarm Host  
  158  9:17  Drone  
  159  9:27  Overlord  
  165  9:41  Spire  
Tags
 
Add a new tag
Caveats
  • Supply blocks, unpowered buildings, or Contaminate may cause inaccurate times.
  • Supply counts are checked every 10 seconds.